 Dungeon Crawl Stone Soup version 0.26-a0-846-gcc8f1ee719 (webtiles) character file.

Game seed: 16748180965798740789

158 mhtbhm the Covered (level 5, 0/33 HPs)
             Began as a Gargoyle Fighter on Nov 19, 2020.
             Slain by Sigmund
             ... wielding a +0 scythe
              (6 damage)
             ... on level 3 of the Dungeon.
             The game lasted 00:02:27 (2117 turns).

mhtbhm the Covered (Gargoyle Fighter)               Turns: 2117, Time: 00:02:28

Health: 0/33       AC: 12    Str: 20    XL:     5   Next: 39%
Magic:  5/5        EV:  7    Int:  9    God:
Gold:   87         SH:  9    Dex:  9    Spells: 4/4 levels left

rFire    . . .     SeeInvis .   a - +0 flail
rCold    . . .     Faith    .   c - +0 kite shield
rNeg     + . .     Spirit   .   b - +0 scale mail
rPois    ∞         Reflect  .   g - +0 helmet
rElec    +         Harm     .   (no cloak)
rCorr    .         Rampage  .   (no gloves)
MR       .....                  (no boots)
Stlth    ..........             (no amulet)
HPRegen  0.11/turn              (no ring)
MPRegen  0.09/turn              (no ring)

@: no status effects
A: negative energy resistance 1, electricity resistance, unbreathing,
petrification resistance, rot immunity, AC +4
a: no special abilities


You were on level 3 of the Dungeon.
You visited 1 branch of the dungeon, and saw 3 of its levels.

You collected 87 gold pieces.

Inventory:

Hand Weapons
 a - a +0 flail (weapon)
Armour
 b - a +0 scale mail (worn)
 c - a +0 kite shield (worn)
 g - a +0 helmet (worn)
Scrolls
 e - 2 scrolls of remove curse {unknown}
 f - a scroll of enchant armour
 h - 2 scrolls of blinking {unknown}
Potions
 i - a potion of curing


   Skills:
 + Level 4.0 Fighting
 + Level 3.2 Maces & Flails
 + Level 4.3 Armour
 + Level 0.6 Dodging
 + Level 4.2 Shields


You had 4 spell levels left.
You didn't know any spells.
Your spell library was empty.

Dungeon Overview and Level Annotations

Branches:
Dungeon (3/15)

Altars:

Annotations:
D:3 Sigmund


Innate Abilities, Weirdness & Mutations

You are resistant to torment.
Your stone body is resilient. (AC +4)
You are immune to poison.
You resist negative energy. (rN+)
You are resistant to electric shocks. (rElec)
You can survive without breathing.
You are immune to petrification.
You are immune to rotting.


Message History

You miss something. Something hits you.
You hit something.
You feel less confused.
You hear some strange, mumbled words.
A magic dart appears from out of thin air!
The magic dart hits you.
You hit something. Something hits you.
You closely miss something. You block something's attack.
You closely miss something. Something hits you.
You closely miss something.
You hear some strange, mumbled words.
A puff of flame appears from out of thin air!
The puff of flame hits you.
* * * LOW HITPOINT WARNING * * *
Your scale mail prevents you from hitting something.
Something hits you but does no damage.
You miss something. Something hits you.
* * * LOW HITPOINT WARNING * * *
You barely miss something. Something hits you.
You die...

###..#
##.##
#..###
##...#
###.#
#.#
#.#
#.#
#@#
#{.#
##.#
.# .#
.# .#
.#


There were no monsters in sight!

Vanquished Creatures
  Natasha (D:1)
  4 gnolls
  3 adders
  2 oozes (D:1)
  A worm (D:2)
  A giant cockroach (D:1)
  10 goblins
  10 hobgoblins
  4 jackals (D:3)
  2 ball pythons
  3 bats
  3 frilled lizards (D:1)
  8 kobolds
  2 rats (D:1)
54 creatures vanquished.

Vanquished Creatures (others)
  7 plants (D:2)
  5 toadstools (D:1)
12 creatures vanquished.

Grand Total: 66 creatures vanquished

Notes
Turn   | Place    | Note
-------+----------+-------------------------------------------
     0 | D:1      | mhtbhm the Gargoyle Fighter began the quest for the Orb.
     0 | D:1      | Reached XP level 1. HP: 14/14 MP: 1/1
   331 | D:1      | Reached XP level 2. HP: 15/19 MP: 2/2
   638 | D:1      | Reached XP level 3. HP: 23/23 MP: 3/3
  1078 | D:2      | Noticed Natasha
  1095 | D:1      | Killed Natasha
  1096 | D:1      | Reached XP level 4. HP: 11/29 MP: 4/4
  1747 | D:3      | Reached XP level 5. HP: 10/33 MP: 5/5
  2075 | D:3      | Noticed Sigmund
  2117 | D:3      | Slain by Sigmund

Illustrated notes

Levels and vault maps discovered:
D:1:      ldierk_walled_garden, layout_loops_ring
D:2:      layout_rooms, serial_bayou_ford_a, uniq_natasha
D:3:      layout_rooms, overflow_temple_1_default, general_overflow_altar,
          hellmonk_ghost_happy_afterlife, uniq_ijyb, uniq_sigmund, uniq_robin

Skill      XL: |  1  2  3  4  5 |
---------------+----------------+-----
Armour         | 4 |  4.3
Shields        | 4 |  4.2
Maces & Flails | 3 |  3.2
Fighting       | 4 |  4.0
Dodging        | |  0.6

Action                   |  1- 3 |  4- 6 || total
-------------------------+-------+-------++-------
Melee: Flail             |    95 |   116 ||   211
  Use: Scroll            |     2 |       ||     2
       Potion            |     2 |     1 ||     3
Armor: Scale mail        |    74 |    83 ||   157
Dodge: Dodged            |    44 |    35 ||    79
Block: Kite shield       |    57 |    86 ||   143

Table legend: (Time is in decaauts)
 A = Elapsed time spent in this place.
 B = Non-inter-level travel time spent in this place.
 C = Inter-level travel time spent in this place.
 D = Time resting spent in this place.
 E = Time spent auto-exploring this place.
 F = Levels seen in this place.
 G = Mean time per level.
                   A        B        C        D        E       F      G
               +--------+--------+--------+--------+--------+-----+--------+
         Total |   2196 |   1946 |    250 |    763 |    663 |   3 |  732.0 |
       Dungeon |   2196 |   1946 |    250 |    763 |    663 |   3 |  732.0 |
               +--------+--------+--------+--------+--------+-----+--------+

Top non-repeatable levels by time:
     D:1: 1684 daAuts
     D:3: 378 daAuts
     D:2: 133 daAuts
